 Dungeon Crawl Stone Soup version 0.22-a0-603-gfc1114d (webtiles) character file.

237 digijack the Vexing (level 6, -2/47 HPs)
             Began as a Gnoll Arcane Marksman on July 6, 2018.
             Was a Follower of Dithmenos.
             Killed by nerve-wracking pain
             ... invoked by an orc priest
              (9 damage)
             ... on level 3 of the Dungeon on July 7, 2018.
             The game lasted 00:33:18 (2546 turns).

digijack the Vexing (Gnoll Arcane Marksman)         Turns: 2546, Time: 00:33:19

Health: -2/47      AC:  3    Str: 11 (12) XL:     6   Next: 6%
Magic:  10/10      EV: 15    Int: 19      God:    Dithmenos [*.....]
Gold:   163        SH:  0    Dex: 17      Spells: 10/11 levels left

rFire    . . .     SeeInvis +   a - +3 shortbow
rCold    . . .     Gourm    .   (shield currently unavailable)
rNeg     . . .     Faith    .   e - +1 robe
rPois    .         Spirit   .   (no helmet)
rElec    .         Reflect  .   (no cloak)
rCorr    .         Harm     .   (no gloves)
MR       .....     Clarity  +   (no boots)
Stlth    ++........             k - amulet of the acrobat
HPRegen  0.00/turn              b - ring of see invisible
MPRegen  0.12/turn              l - +3 ring of intelligence

@: wreathed by umbra
A: distributed training, fangs 1, clarity, mutation resistance 1, inhibited
regeneration, strong nose
a: Renounce Religion


You were on level 3 of the Dungeon.
You worshipped Dithmenos.
Dithmenos was aware of your devotion.
You were not hungry.

You visited 1 branch of the dungeon, and saw 3 of its levels.

You collected 163 gold pieces.

Inventory:

Hand Weapons
 a - a +3 shortbow (weapon)
 m - a +0 dagger of protection
Missiles
 d - 25 arrows (quivered)
Armour
 e - a +1 robe (worn)
Jewellery
 b - a ring of see invisible (left hand)
 k - an amulet of the acrobat (around neck)
 l - a +3 ring of intelligence (right hand)
Scrolls
 j - a scroll of identify
Potions
 h - a potion of might
 i - a potion of curing
Comestibles
 c - 9 chunks of flesh
 f - 4 rations


   Skills:
 + Level 3.1 Fighting
 + Level 1.7 Short Blades
 + Level 1.7 Long Blades
 + Level 1.7 Axes
 + Level 1.7 Maces & Flails
 + Level 1.7 Polearms
 + Level 1.7 Staves
 + Level 1.7 Slings
 + Level 4.9 Bows
 + Level 1.7 Crossbows
 + Level 1.7 Throwing
 + Level 1.7 Armour
 + Level 4.9 Dodging
 + Level 1.7 Stealth
 + Level 1.7 Shields
 + Level 1.7 Unarmed Combat
 + Level 3.3 Spellcasting
 + Level 1.3 Conjurations
 + Level 5.6 Hexes
 + Level 1.3 Charms
 + Level 1.3 Summonings
 + Level 1.3 Necromancy
 + Level 1.3 Translocations
 + Level 1.3 Transmutations
 + Level 1.3 Fire Magic
 + Level 1.3 Ice Magic
 + Level 1.3 Air Magic
 + Level 1.3 Earth Magic
 + Level 1.3 Poison Magic
 + Level 2.0 Invocations
 + Level 1.7 Evocations


You had 10 spell levels left.
You knew the following spells:

 Your Spells              Type           Power        Failure   Level  Hunger
a - Corona                Hex            ###....      1%          1    None

Your spell library contained the following spells:

 Spells                   Type           Power        Failure   Level  Hunger
 Cause Fear               Hex            ###.......   14%         4    ####...
 Magic Dart               Conj           #...         9%          1    None
 Conjure Flame            Conj/Fire      #.......     26%         3    ###....
 Slow                     Hex            ###.....     2%          2    ##.....
 Mephitic Cloud           Conj/Pois/Air  #.......     26%         3    ###....
 Blink                    Tloc           N/A          13%         2    ##.....
 Call Imp                 Summ           #.......     13%         2    ##.....
 Portal Projectile        Hex/Tloc       ###...       11%         3    ###....
 Leda's Liquefaction      Hex/Erth       ###.......   34%         4    ####...
 Inner Flame              Hex/Fire       ###.....     11%         3    ###....


Dungeon Overview and Level Annotations

Branches:
Dungeon (3/15)

Altars:
Dithmenos
Fedhas
Gozag
Hepliaklqana
Nemelex Xobeh
Qazlal
Zin


Innate Abilities, Weirdness & Mutations

Your experience applies equally to all skills.
You have very sharp teeth.
Your uncanny sense of smell can sniff out nearby items.
You possess an exceptional clarity of mind.
You are somewhat resistant to further mutation.
You do not regenerate when monsters are visible.


Message History

Firing (i - inventory)
d - 27 arrows (quivered)
Press: ? - help, Shift-Dir - straight line, f - orc priest
Aim: an orc priest, wielding a dagger (umbra)
You shoot an arrow. The arrow hits the orc priest.
The orc priest is moderately wounded.
The orc priest calls down the wrath of Beogh upon you.
Beogh smites you!
* * * LOW HITPOINT WARNING * * *
Things that are here:
a morningstar; a leather armour You feel better.
The orc priest hits you with a dagger.
* * * LOW HITPOINT WARNING * * *
Firing (i - inventory)
d - 26 arrows (quivered)
Press: ? - help, Shift-Dir - straight line, f/p - orc priest
Aim: an orc priest, wielding a dagger (moderately wounded, umbra)
You shoot an arrow.
The arrow completely misses the orc priest.
The orc priest calls down the wrath of Beogh upon you.
Pain shoots through your body!
You die...

##### ....###
.(....#
########((....#
#.....@o(....(.
#)######......#
#.# ###.### #.#
∆# #.# #.# #.#
#.# #.#


You could see an orc priest.

Vanquished Creatures
  A hound (D:3)
  2 orc priests (D:3)
  An orc wizard (D:3)
  An adder (D:3)
  4 gnolls (D:3)
  2 oozes (D:2)
  2 dart slugs
  2 leopard geckos (D:1)
  9 orcs (D:3)
  4 bats
  3 giant cockroaches
  8 goblins
  4 hobgoblins
  4 kobolds (D:1)
  A quokka (D:3)
  3 frilled lizards (D:1)
  4 rats
  A plant (D:1)
56 creatures vanquished.

Notes
Turn   | Place    | Note
-------+----------+-------------------------------------------
     0 | D:1      | digijack the Gnoll Arcane Marksman began the quest for the Orb.
     0 | D:1      | Reached XP level 1. HP: 17/17 MP: 4/4
   148 | D:1      | Reached XP level 2. HP: 23/23 MP: 5/5
   741 | D:1      | Gained mutation: You do not regenerate when monsters are visible. [potion of mutation]
   741 | D:1      | Gained mutation: You are somewhat resistant to further mutation. [potion of mutation]
   741 | D:1      | Gained mutation: You possess an exceptional clarity of mind. [potion of mutation]
   912 | D:2      | Upgraded the game from 0.22-a0-601-gb0ed703 to 0.22-a0-603-gfc1114d
   912 | D:2      | Reached XP level 3. HP: 28/28 MP: 7/7
   974 | D:2      | Found a shadowy altar of Dithmenos.
   978 | D:2      | Became a worshipper of Dithmenos the Shadowed
  1035 | D:2      | Found a stormy altar of Qazlal.
  1049 | D:2      | Found a blossoming altar of Fedhas.
  1064 | D:2      | Reached skill level 1 in Invocations
  1126 | D:2      | Found an opulent altar of Gozag.
  1199 | D:2      | Found a sparkling altar of Nemelex Xobeh.
  1204 | D:2      | Found a hazy altar of Hepliaklqana.
  1366 | D:2      | Found a glowing silver altar of Zin.
  1608 | D:3      | Reached skill level 1 in Short Blades
  1608 | D:3      | Reached skill level 1 in Long Blades
  1608 | D:3      | Reached skill level 1 in Axes
  1608 | D:3      | Reached skill level 1 in Maces & Flails
  1608 | D:3      | Reached skill level 1 in Polearms
  1608 | D:3      | Reached skill level 1 in Staves
  1608 | D:3      | Reached skill level 1 in Slings
  1608 | D:3      | Reached skill level 1 in Crossbows
  1608 | D:3      | Reached skill level 1 in Throwing
  1608 | D:3      | Reached skill level 1 in Armour
  1608 | D:3      | Reached skill level 1 in Stealth
  1608 | D:3      | Reached skill level 1 in Shields
  1608 | D:3      | Reached skill level 1 in Unarmed Combat
  1608 | D:3      | Reached skill level 1 in Evocations
  1608 | D:3      | Reached XP level 4. HP: 15/34 MP: 8/8
  1836 | D:3      | Reached skill level 1 in Conjurations
  1836 | D:3      | Reached skill level 1 in Charms
  1836 | D:3      | Reached skill level 1 in Summonings
  1836 | D:3      | Reached skill level 1 in Necromancy
  1836 | D:3      | Reached skill level 1 in Translocations
  1836 | D:3      | Reached skill level 1 in Transmutations
  1836 | D:3      | Reached skill level 1 in Fire Magic
  1836 | D:3      | Reached skill level 1 in Ice Magic
  1836 | D:3      | Reached skill level 1 in Air Magic
  1836 | D:3      | Reached skill level 1 in Earth Magic
  1836 | D:3      | Reached skill level 1 in Poison Magic
  1980 | D:3      | Reached XP level 5. HP: 40/40 MP: 9/9
  2171 | D:3      | Reached * piety under Dithmenos
  2470 | D:3      | Reached XP level 6. HP: 23/47 MP: 10/10
  2546 | D:3      | Killed from afar by an orc priest

Vault maps used:
D:1:      evilmike_arrival_come_back, serial_forest,
          infiniplex_forest_lined_room_2, infiniplex_forest_lined_2,
          infiniplex_forest_corner_2, infiniplex_forest_end_double,
          infiniplex_forest_straight_3, infiniplex_forest_clump_small,
          infiniplex_forest_clump_cross
D:2:      grunt_dithmenos_smoke_and_mirrors, nicolae_overflow_hidden_temple,
          old_standard_altar, overflow_temple_1_default, zin_statuary,
          minitemple, interstate_on_off
D:3:      minivault_24, grunt_ministairs_7, makhleb_altar_promises_db

Skill      XL: |  1  2  3  4  5  6 |
---------------+-------------------+-----
Invocations    | 1 2 |  2.0
Short Blades   | 1 |  1.7
Long Blades    | 1 |  1.7
Axes           | 1 |  1.7
Maces & Flails | 1 |  1.7
Polearms       | 1 |  1.7
Staves         | 1 |  1.7
Slings         | 1 |  1.7
Crossbows      | 1 |  1.7
Throwing       | 1 |  1.7
Armour         | 1 |  1.7
Stealth        | 1 |  1.7
Shields        | 1 |  1.7
Unarmed Combat | 1 |  1.7
Evocations     | 1 |  1.7
Spellcasting   | 3 |  3.3
Conjurations   | 1 |  1.3
Charms         | 1 |  1.3
Summonings     | 1 |  1.3
Necromancy     | 1 |  1.3
Translocations | 1 |  1.3
Transmutations | 1 |  1.3
Fire Magic     | 1 |  1.3
Ice Magic      | 1 |  1.3
Air Magic      | 1 |  1.3
Earth Magic    | 1 |  1.3
Poison Magic   | 1 |  1.3
Fighting       | 3 |  3.1
Bows           | |  4.9
Dodging        | |  4.9
Hexes          | |  5.6

Action                   |  1- 3 |  4- 6 || total
-------------------------+-------+-------++-------
Melee: Dagger            |   207 |       ||   207
       Bite              |    30 |       ||    30
 Fire: Shortbow          |    73 |    90 ||   163
 Cast: Corona            |     6 |     1 ||     7
  Use: Potion            |     5 |     1 ||     6
       Scroll            |     7 |     2 ||     9
  Eat: Chunk             |     1 |     1 ||     2
       Ration            |     1 |       ||     1
Armor: Robe              |     1 |     2 ||     3
Dodge: Dodged            |    13 |    31 ||    44

Table legend:
 A = Spawn XP
 B = Non-spawn XP
 C = Spawn XP percentage of total XP
 D = Spawn monster count
 E = Non-spawn monster count
 F = Spawn count percentage of total count
 G = Total turns spent on level
                    A         B        C        D         E        F      G
               +---------+---------+-------+---------+---------+-------+---------
         Total |       0 |     339 |   0.0 |       0 |      55 |   0.0 |  2546
               +---------+---------+-------+---------+---------+-------+---------
           D:1 |       0 |      33 |   0.0 |       0 |      19 |   0.0 |   911
           D:2 |       0 |      26 |   0.0 |       0 |       7 |   0.0 |   646
           D:3 |       0 |     280 |   0.0 |       0 |      29 |   0.0 |   989
               +---------+---------+-------+---------+---------+-------+---------
